 Dungeon Crawl Stone Soup version 0.29-a0-845-g6161e89988 (webtiles) character file.

Game seed: 7791182417397040313

491793 diecastcamel the Unforgettable (level 24, 0/168 (175) HPs)
             Began as a Gnoll Hedge Wizard on July 7, 2022.
             Was the Champion of Hepliaklqana.
             Killed from afar by an ancient lich (115 damage)
             ... with a crystal spear
             ... on level 4 of the Vaults on July 15, 2022.
             The game lasted 09:32:37 (81093 turns).

diecastcamel the Unforgettable (GnHW)              Turns: 81093, Time: 09:32:37

HP:   0/168 (175)   AC: 34    Str: 11    XL:     24   Next: 74%
MP:   36/45         EV: 17    Int: 45    God:    Hepliaklqana [******]
Gold: 1790          SH: 20    Dex: 13    Spells: 7/59 levels left

rFire   + + .      SeeInvis .   z - +3 Elemental Staff {rElec rF++ rC++ AC+5}
rCold   + + .      Faith    .   r - +6 kite shield of Qazlal's Approval {rElec Will+}
rNeg    . . .      Spirit   .   V - +5 swamp dragon scales "Lozaskeo" {rPois Int+8 Stlth+}
rPois   +          Reflect  .   O - +2 helmet {Int+3}
rElec   +          Harm     .   R - +2 cloak {rCorr}
rCorr   +          Rampage  .   Z - +3 pair of gloves of the Arena {*Corrode rPois Int+7 Stlth+}
Will    +++..                   Q - +2 pair of boots
Stlth   ++++++++..              K - amulet "Emeil" {Acrobat Will+}
HPRegen 0.38/turn               e - ring of wizardry
MPRegen 0.29/turn               A - +6 ring of intelligence

@: corroded, lightly drained
A: reduced essence, fangs 1, strong nose, distributed training, clumsy 1,
deterioration 1
}: 3/15 runes: decaying, slimy, gossamer
a: Renounce Religion, Recall Ancestor, Ancestor Identity, Transference, Idealise


You were on level 4 of the Vaults.
You worshipped Hepliaklqana.
Hepliaklqana was exalted by your worship.
You visited 9 branches of the dungeon, and saw 48 of its levels.
You visited 1 bazaar.
You also visited: Sewer, Ossuary, Ice Cave and Volcano.

You collected 6336 gold pieces.
You spent 4546 gold pieces at shops.

Inventory:

Hand Weapons
 n - a +5 demon trident of venom
 s - a +9 demon blade of flaming
 z - the +3 Elemental Staff (weapon) {rElec rF++ rC++ AC+5}
   (You took it off a wizard on level 3 of the Elven Halls)

   If the wielder is skilled in Evocations, they can discharge powerful blasts
   of elemental energy when striking with it.
   It enhances your fire, ice, earth and air magic.
   AC:        It affects your AC (+5).
   rF:        It greatly protects you from fire.
   rC:        It greatly protects you from cold.
   rElec:     It insulates you from electricity.
Armour
 r - the +6 kite shield of Qazlal's Approval (worn) {rElec Will+}
   (You acquired it on level 2 of the Vaults)

   rElec:     It insulates you from electricity.
   Will:      It increases your willpower.
 O - a +2 helmet of intelligence (worn)
 Q - a +2 pair of boots (worn)
 R - a +2 cloak of preservation (worn)
 V - the +5 swamp dragon scales "Lozaskeo" (worn) {rPois Int+8 Stlth+}
   (You bought it in a shop on level 2 of the Orcish Mines)

   Int:       It affects your intelligence (+8).
   rPois:     It protects you from poison.
   Stlth:     It makes you more stealthy.
 Z - the +3 pair of gloves of the Arena (worn) {*Corrode rPois Int+7 Stlth+}
   (You found it in a volcano)

   Int:       It affects your intelligence (+7).
   rPois:     It protects you from poison.
   *Corrode:  It may corrode you when you take damage.
   Stlth:     It makes you more stealthy.
Jewellery
 c - the ring "Baten" {rC- rCorr AC+4 Int+2 Dex+8}
   (You found it on level 5 of the Pits of Slime)

   [ring of protection]

   AC:        It affects your AC (+4).
   Int:       It affects your intelligence (+2).
   Dex:       It affects your dexterity (+8).
   rC:        It makes you vulnerable to cold.
   rCorr:     It protects you from acid and corrosion.
 e - a ring of wizardry (left hand)
 A - a +6 ring of intelligence (right hand)
 H - the amulet "Idiloig" {RegenMP Int+2}
   (You found it on level 2 of the Depths)

   [amulet of magic regeneration]

   It increases your rate of magic regeneration.
   Int:       It affects your intelligence (+2).
 K - the amulet "Emeil" (around neck) {Acrobat Will+}
   (You found it on level 7 of the Dungeon)

   [amulet of the acrobat]

   It increases your evasion while moving and waiting.
   Will:      It increases your willpower.
Wands
 D - a wand of polymorph (5)
 J - a wand of light (7)
 L - a wand of mindburst (49)
 N - a wand of paralysis (36)
 S - a wand of digging (23)
 T - a wand of iceblast (5)
Scrolls
 g - 5 scrolls of amnesia
 m - 27 scrolls of teleportation
 w - 2 scrolls of blinking
 y - a scroll of summoning
 B - 4 scrolls of enchant armour
 C - 3 scrolls of brand weapon
 E - 4 scrolls of fear
 F - 6 scrolls of fog
 G - 4 scrolls of silence
 I - 7 scrolls of magic mapping
 X - 9 scrolls of poison
 Y - 3 scrolls of immolation
Potions
 a - a potion of berserk rage
 d - a potion of magic
 f - 3 potions of haste
 h - 14 potions of heal wounds
 i - 5 potions of might
 j - 18 potions of curing
 k - 13 potions of flight
 o - 5 potions of cancellation
 q - 15 potions of ambrosia
 t - 9 potions of brilliance
 v - 12 potions of mutation
 P - 6 potions of invisibility
 W - 6 potions of resistance
Miscellaneous
 b - a phantom mirror
 l - a phial of floods
 p - a condenser vane
 u - a box of beasts
 x - a tin of tremorstones (2/2)
 M - a lightning rod (4/4)


   Skills:
 + Level 17.1 Fighting
 + Level 17.1 Short Blades
 + Level 17.1 Long Blades
 + Level 17.1 Axes
 + Level 17.1 Maces & Flails
 + Level 17.1 Polearms
 + Level 17.1 Staves
 + Level 17.1 Ranged Weapons
 + Level 17.1 Throwing
 + Level 17.1 Armour
 + Level 17.6 Dodging
 + Level 17.5 Stealth
 + Level 17.1 Shields
 + Level 17.1 Unarmed Combat
 + Level 18.3 Spellcasting
 + Level 14.7 Conjurations
 + Level 14.5 Hexes
 + Level 14.7 Summonings
 + Level 14.5 Necromancy
 + Level 14.7 Translocations
 + Level 14.5 Transmutations
 + Level 14.5 Fire Magic
 + Level 14.5 Ice Magic
 + Level 14.5 Air Magic
 + Level 14.5 Earth Magic
 + Level 14.5 Poison Magic
 + Level 18.5 Invocations
 + Level 17.1 Evocations


You had 7 spell levels left.
You knew the following spells:

 Your Spells              Type           Power      Damage    Failure   Level
a - Magic Dart            Conj           100%       1d8       0%          1
b - Summon Ice Beast      Ice/Summ       100%       N/A       1%          4
c - Blink                 Tloc           100%       N/A       0%          2
d - Spellforged Servitor  Conj/Summ      54%        N/A       1%          7
e - Mephitic Cloud        Conj/Pois/Air  100%       N/A       0%          3
f - Stone Arrow           Conj/Erth      100%       3d13      0%          3
g - Ignite Poison         Fire/Tmut/Pois 100%       N/A       0%          3
h - Iskenderun's Mystic   Conj/Tloc      100%       2d19      1%          4
j - Lightning Bolt        Conj/Air       65%        1d89      1%          5
k - Ozocubu's Refrigerat  Ice            65%        4d18      1%          7
l - Iron Shot             Conj/Erth      65%        9d12      1%          6
m - Orb of Destruction    Conj           54%        9d14      1%          7

Your spell library contained the following spells:

 Spells                   Type           Power      Damage    Failure   Level
 Beastly Appendage        Tmut           100%       N/A       0%          1
 Necrotise                Necr           100%       1d9       0%          1
 Sandblast                Erth           100%       2d20      0%          1
 Slow                     Hex            100%       N/A       0%          1
 Call Imp                 Summ           100%       N/A       0%          2
 Ensorcelled Hibernation  Hex/Ice        100%       N/A       0%          2
 Passwall                 Tmut/Erth      100%       N/A       0%          2
 Poisonous Vapours        Pois/Air       100%       N/A       0%          2
 Static Discharge         Conj/Air       100%       3-16/arc  0%          2
 Wereblood                Tmut           100%       N/A       0%          2
 Call Canine Familiar     Summ           100%       N/A       0%          3
 Conjure Flame            Conj/Fire      100%       6-21      0%          3
 Dazzling Flash           Conj/Hex       100%       N/A       0%          3
 Frozen Ramparts          Ice            100%       1d12      0%          3
 Gell's Gravitas          Tloc           100%       N/A       0%          3
 Inner Flame              Hex/Fire       100%       N/A       0%          3
 Ozocubu's Armour         Ice            100%       N/A       0%          3
 Portal Projectile        Hex/Tloc       100%       N/A       0%          3
 Spider Form              Tmut/Pois      100%       N/A       0%          3
 Summon Guardian Golem    Hex/Summ       100%       N/A       0%          3
 Teleport Other           Tloc           100%       N/A       0%          3
 Vampiric Draining        Necr           100%       2d13      0%          3
 Anguish                  Hex/Necr       53%        N/A       1%          4
 Animate Armour           Summ/Erth      100%       N/A       1%          4
 Animate Dead             Necr           100%       N/A       1%          4
 Cause Fear               Hex            53%        N/A       1%          4
 Corpse Rot               Necr/Pois/Air  100%       N/A       1%          4
 Dispel Undead            Necr           100%       3d31      1%          4
 Hailstorm                Conj/Ice       100%       3d20      1%          4
 Ice Form                 Ice/Tmut       100%       N/A       1%          4
 Leda's Liquefaction      Hex/Erth       65%        N/A       1%          4
 Olgreb's Toxic Radiance  Pois           100%       N/A       1%          4
 Sticky Flame             Conj/Fire      100%       2d11      1%          4
 Agony                    Necr           100%       N/A       1%          5
 Blade Hands              Tmut           53%        N/A       1%          5
 Fireball                 Conj/Fire      65%        3d25      1%          5
 Freezing Cloud           Conj/Ice/Air   78%        6-21      1%          5
 Manifold Assault         Tloc           100%       N/A       1%          5
 Metabolic Englaciation   Hex/Ice        65%        N/A       1%          5
 Death Channel            Necr           53%        N/A       1%          6
 Dispersal                Tloc           54%        N/A       1%          6
 Simulacrum               Ice/Necr       65%        N/A       1%          6
 Starburst                Conj/Fire      65%        6d17      1%          6
 Haunt                    Necr/Summ      53%        N/A       1%          7
 Storm Form               Tmut/Air       65%        N/A       1%          7
 Borgnjor's Revivificati  Necr           53%        N/A       11%         8
 Discord                  Hex            53%        N/A       11%         8
 Ignition                 Fire           65%        3d17      11%         8
 Infestation              Necr           53%        N/A       11%         8
 Maxwell's Capacitive Co  Air            65%        ∞         11%         8
 Necromutation            Tmut/Necr      53%        N/A       11%         8
 Dragon's Call            Summ           54%        N/A       78%         9
 Death's Door             Necr           53%        N/A       80%         9


Dungeon Overview and Level Annotations

Branches:
Dungeon (15/15)            Temple (0/1) D:5            Lair (6/6) D:10
  Swamp (4/4) Lair:2       Spider (4/4) Lair:3        Slime (5/5) Lair:6
    Orc (2/2) D:12            Elf (3/3) Orc:2        Vaults (5/5) D:14
  Crypt (0/3) Vaults:3     Depths (4/4) D:15            Zot (0/5) Depths:4
  Sewer (visited)         Ossuary (visited)           IceCv (visited)
Volcano (visited)

Altars:
Ashenzari
Dithmenos
Elyvilon
Fedhas
Gozag
Hepliaklqana
Kikubaaqudgha
Okawaru
Trog
Vehumet
Xom
Zin
The Shining One
Jiyva

Shops:
D:4 *   D:11 =   D:14 *   Orc:2 ==*[   Elf:1 *=   Vaults:1 *(*:   Vaults:2 *
Depths:2 =:=

Portals:
Hell: Depths:1 Depths:2 Depths:3 Depths:4
Abyss: Depths:3
Pandemonium: Depths:1 Depths:2
Ziggurat: Depths:4
Trove: Vaults:2 (lose all piety)

Annotations:
D:2 1 runed translucent door, Crazy Yiuf, Terence
D:8 1 runed translucent door, gobodom's ghost, novice PaFi
Lair:4 1 runed translucent door, Ithra's ghost, journeyman OgTm
Lair:5 3 runed translucent doors, Devyomi's ghost, journeyman GrBe
Swamp:4 Roxanne
Elf:2 3 runed translucent doors
Vaults:1 36 runed doors
Vaults:4 Saint Roka
Depths:1 exclusion: Nikola
Depths:4 Parghit


Innate Abilities, Weirdness & Mutations

Your life essence is reduced to manifest your ancestor. (-10% HP)
You have very sharp teeth.
Your uncanny sense of smell can sniff out nearby items.
Your experience applies equally to all skills.
You are clumsy. (Dex -2)
Your body sometimes deteriorates upon taking damage.


Message History

The ancient lich seems to speed up.
You hit the ancient lich. You freeze the ancient lich.
The ancient lich is severely damaged.
The ancient lich gestures wildly while chanting.
The ancient lich flickers and vanishes!
Deactivating autopickup; reactivate with Ctrl-A.
You closely miss something. Something barely misses you.
You hit something but do no damage.
You electrocute something.
Something touches you.
You feel drained.
You hit something. You freeze something. You bite something.
Something touches you but does no damage.
You hit something but do no damage. You freeze something. You bite something.
Something touches you but does no damage.
You barely miss something. You bite something.
You hear some strange, mumbled words.
Something tries to affect you, but you resist.
You hit something but do no damage. You freeze something.
You hear some strange, mumbled words.
A bolt of acid appears from out of thin air!
The bolt of acid hits you!! You resist.
You closely miss something. You bite something.
Something touches you but does no damage.
You hit something but do no damage. You hit something. You freeze something.
You hear some strange, mumbled words.
Something tries to affect you, but you resist.
You hit something but do no damage.
You electrocute something!
You block something's attack.
Something touches you but does no damage.
You hit something but do no damage. You crush something!
Your bite misses something.
You can drink potions again.
You hit something but do no damage.
You electrocute something.
Something touches you!
Your corrosive artefact corrodes you!
You feel drained.
You hit something but do no damage.
You hear some strange, mumbled words.
A crystal spear appears from out of thin air!
The crystal spear hits you!!!!
Ouch! That really hurt!
You die...

####'##### #############
.........#### #....#..#....
.#######.#..# #....#..#....
.#.....#.#..# #....#..#....
.#.....#.#..#########....#..#....
.#...[.'.'..##......#####'.[[####
.#...[[#.#..##......#.......[....
.#.... #.#..##..{[..#.......[....
.#######.#..##..@)..#####'..'####
.........#####..)..(#[...#..#....
####'##### #......'....#..#....
#.......# ########....#..#....
#.......# #....#..#^...
##'#####################'##+#####
.................................
.................................
.................................


There were no monsters in sight!

Vanquished Creatures
  A juggernaut (Depths:4)
  Sojobo (Depths:4)
  3 caustic shrikes (Depths:4)
  A golden dragon (Vaults:5)
  Nikola (Depths:1)
  3 bone dragons
  A walking crystal tome (Depths:3)
  3 liches (Depths:3)
  Rupert (D:14)
  Mlioglotl (Spider:2)
  2 tentacled monstrosities
  2 titans
  A walking earthen tome (Depths:3)
  A deep elf blademaster (Elf:3)
  16 acid blobs
  A deep elf master archer (Elf:3)
  Asterion (Depths:1)
  3 sphinxes
  Gastronok (D:11)
  5 tengu reavers
  Frances (D:14)
  2 shadow dragons
  A thorn hunter (Swamp:4)
  A revenant (Vaults:3)
  Donald (Spider:4)
  4 fire giants
  7 rockslimes
  2 fenstrider witches
  6 frost giants
  2 draconian knights (Depths:4)
  4 azure jellies
  10 vault wardens
  5 emperor scorpions
  2 iron dragons
  A draconian stormcaller (Depths:4)
  A cacodemon (Depths:2)
  Louise (Spider:2)
  A balrug (Depths:4)
  5 deep elf elementalists (Elf:3)
  2 orc warlords
  6 deep elf sorcerers
  A reaper (IceCv)
  2 war gargoyles
  9 quicksilver oozes
  A broodmother (Spider:4)
  11 ironbound preservers
  4 ironbound thunderhulks
  8 stone giants
  A spriggan defender (Depths:3)
  A vampire knight (Depths:2)
  A stone giant (shapeshifter) (D:9)
  6 deep elf demonologists
  12 very ugly things
  A black draconian (Depths:4)
  4 deep elf annihilators (Elf:3)
  5 bunyips
  3 eleionomae
  2 entropy weavers
  2 red draconians (Depths:4)
  6 spark wasps
  A yellow draconian (Depths:4)
  7 dire elephants
  7 deep elf death magi
  9 ettins
  4 yaktaur captains
  A merfolk impaler (Depths:1)
  A shambling mangrove (Swamp:3)
  4 fire dragons
  2 rakshasas (Depths:2)
  4 deep elf high priests
  5 great orbs of eyes
  8 hydras
  6 ice dragons
  8 boulder beetles
  A jorogumo (shapeshifter) (Vaults:5)
  3 peacekeepers
  A radroach (Spider:4)
  A jorogumo (Spider:3)
  A spriggan air mage (Depths:4)
  3 centaur warriors
  An anaconda (shapeshifter) (Depths:4)
  A death yak (Lair:6)
  30 vault guards
  3 ironbound frosthearts
  6 alligators
  2 ghost crabs (Swamp:4)
  9 two-headed ogres
  10 dancing weapons
  A death knight (D:14)
  5 deep troll shamans
  2 orc high priests (Orc:2)
  2 tengu warriors
  5 deep troll earth magi
  7 hell knights
  2 vampire magi (Depths:3)
  A shock serpent (shapeshifter) (Vaults:5)
  4 spriggan berserkers
  7 deep elf knights
  2 sun demons
  An iron troll (Depths:1)
  2 pharaoh ants
  A goliath frog (Swamp:3)
  2 skeletal warriors (D:14)
  38 deep trolls
  A sun moth (Spider:1)
  3 steelbarb worms
  3 orb spiders (Spider:4)
  A death drake (Swamp:4)
  3 flayed ghosts
  2 spriggan druids
  2 wizards
  A spark wasp zombie (Depths:2)
  4 bog bodies
  2 lindwurms (Vaults:2)
  2 swamp dragons (Swamp:3)
  4 phantasmal warriors
  4 deep elf archers
  19 ironbound convokers
  7 orc knights
  3 harpies (Vaults:2)
  An iron dragon zombie (Depths:2)
  10 deep elf zephyrmancers
  4 spectral hydras (Swamp:4)
  A necromancer (Vaults:3)
  3 orc sorcerers (Orc:2)
  26 deep elf pyromancers
  2 salamanders (Depths:2)
  6 wolf spiders
  A shining eye (shapeshifter) (Vaults:5)
  6 shining eyes
  17 ugly things
  A wolf spider (shapeshifter) (Vaults:5)
  4 cyclopes
  2 will-o-the-wisps (Swamp:4)
  3 elephants (Lair:4)
  5 black mambas
  3 torpor snails
  A frost giant skeleton (Depths:2)
  A molten gargoyle (Lair:6)
  A rust devil (Depths:2)
  2 ice statues (IceCv)
  A smoke demon (Depths:4)
  A cane toad (shapeshifter) (D:15)
  6 cane toads
  14 vault sentinels
  An eye of devastation (Slime:5)
  An orange demon (Depths:2)
  2 swamp worm zombies (Swamp:4)
  A rime drake (shapeshifter) (Depths:1)
  2 kobold demonologists (D:12)
  5 demonic crawlers
  2 rime drakes
  2 efreet
  5 komodo dragons
  A gargoyle (D:12)
  A tengu conjurer (D:15)
  A freezing wraith (Vaults:3)
  An anaconda simulacrum (IceCv)
  11 yaktaurs
  2 guardian mummies (Vaults:2)
  An entropy weaver simulacrum (IceCv)
  7 ice devils
  A queen bee (Lair:3)
  3 meliai
  2 red devils (Volcano)
  3 hydra zombies (Swamp:4)
  2 bloated husks (Swamp:4)
  4 trolls
  4 polar bears
  12 hornets
  3 blink frogs
  2 tyrant leeches
  A raiju (shapeshifter) (Elf:2)
  94 slime creatures
  A spectral swamp dragon (Swamp:4)
  21 tarantellas
  A shadow dragon simulacrum (Vaults:3)
  A tengu simulacrum (Vaults:3)
  A dream sheep (Lair:5)
  2 alligator zombies (Swamp:4)
  20 jumping spiders
  2 air elementals
  A shadow (D:10)
  10 culicivoras
  13 spriggans
  11 water elementals
  28 yaks
  A hog (shapeshifter) (Depths:3)
  6 wyverns
  11 humans (D:14)
  2 steam dragons
  3 fire bats (Volcano)
  21 golden eyes
  4 basilisks
  A redback (shapeshifter) (Vaults:5)
  26 redbacks
  4 vampire mosquitoes
  A death yak simulacrum (IceCv)
  A human simulacrum (Vaults:3)
  15 swamp worms
  2 harpy simulacra (IceCv)
  2 wargs (Orc:2)
  3 hell hounds (Lair:6)
  7 water moccasins
  A knight (Vaults:1)
  A meliai simulacrum (D:14)
  A floating eye (Depths:3)
  19 orc warriors
  A boggart (shapeshifter) (Vaults:5)
  6 ogres
  2 swamp dragon zombies (Swamp:4)
  7 wolves
  6 centaurs
  3 phantoms (Swamp:4)
  A kobold brigand (D:12)
  7 bullfrogs
  A necrophage (D:6)
  2 gnoll sergeants
  6 scorpions
  2 wights
  17 killer bees
  8 howler monkeys
  7 electric eels
  6 lava snakes
  16 orc priests
  3 hounds
  2 iguanas
  17 orc wizards
  A spectral swamp drake (Swamp:4)
  A troll simulacrum (IceCv)
  A merfolk avatar (Sewer)
  A hound zombie (Ossuary)
  3 mummies (Ossuary)
  7 gnolls
  5 adders
  2 river rats (D:5)
  A naga simulacrum (IceCv)
  A shadow imp (D:5)
  2 ufetubi
  4 adder zombies (Ossuary)
  2 worms
  2 dart slugs
  53 orcs
  5 endoplasms
  2 giant cockroaches
  9 goblins
  7 hobgoblins
  5 jackals (D:2)
  3 quokkas
  7 ball pythons
  9 bats
  9 frilled lizards
  A hobgoblin zombie (Ossuary)
  A jackal zombie (Ossuary)
  14 kobolds
  A kobold zombie (Ossuary)
  6 quokka zombies (Ossuary)
  32 rats
1336 creatures vanquished.

Vanquished Creatures (collateral kills)
  the Royal Jelly (Slime:5)
  Xtahua (Vaults:3)
  2 golden dragons
  A bone dragon (Depths:4)
  Arachne (Spider:2)
  A tentacled monstrosity (Depths:2)
  A walking earthen tome (Depths:3)
  A lich (Depths:1)
  A titan (Vaults:5)
  3 acid blobs
  A quicksilver dragon (Depths:3)
  A shadow dragon (Vaults:5)
  A storm dragon (Depths:2)
  3 tengu reavers
  2 azure jellies (Slime:5)
  A vault warden (Vaults:3)
  A deep elf sorcerer (Elf:3)
  An emperor scorpion (Spider:4)
  A frost giant (Depths:3)
  3 ghost moths (Spider:4)
  An iron dragon (Vaults:5)
  Aizul (Swamp:4)
  A deep elf elementalist (Elf:3)
  2 quicksilver oozes (Slime:5)
  3 ironbound preservers
  A stone giant (Vaults:3)
  A war gargoyle (Vaults:3)
  11 very ugly things
  A broodmother (Spider:2)
  3 eleionomae
  2 ironbound thunderhulks
  A vampire knight (Depths:1)
  2 deep elf demonologists
  2 green draconians (Depths:4)
  5 spark wasps
  3 bunyips
  2 deep elf annihilators (Elf:3)
  3 entropy weavers
  A deep elf death mage (Elf:3)
  2 dire elephants
  3 ettins
  A merfolk javelineer (Depths:1)
  3 great orbs of eyes
  2 ice dragons
  A boulder beetle (D:13)
  3 yaktaur captains
  A rakshasa (Depths:3)
  2 spriggan air magi
  2 vault guards
  A catoblepas (Lair:6)
  5 hydras
  2 ghost crabs
  An ironbound frostheart (Vaults:4)
  A radroach (Spider:4)
  A two-headed ogre (Orc:2)
  6 dancing weapons
  2 centaur warriors
  6 alligators
  2 death yaks (Lair:6)
  A spriggan berserker (Depths:4)
  A tengu warrior (D:15)
  3 orc high priests (Orc:2)
  A deep troll earth mage (Depths:1)
  A hell knight (Depths:3)
  A spriggan (Depths:1)
  Nergalle (D:10)
  A goliath frog (Swamp:1)
  6 deep elf knights
  A skeletal warrior (D:13)
  A salamander mystic (Depths:2)
  A pharaoh ant (Spider:2)
  16 deep trolls
  An orb spider (Spider:4)
  7 steelbarb worms
  2 spriggan druids
  2 deep elf archers
  3 ironbound convokers
  4 bog bodies
  A spriggan simulacrum (Depths:2)
  3 wizards
  A phantasmal warrior (Swamp:4)
  3 lindwurms
  2 swamp dragons
  11 deep elf zephyrmancers
  2 necromancers
  2 orc knights
  11 ugly things
  2 orc sorcerers
  9 wolf spiders
  A fire giant zombie (Depths:2)
  9 deep elf pyromancers
  A cyclops (D:12)
  A manticore (D:15)
  2 moths of wrath (Spider:4)
  A salamander (Depths:2)
  5 black mambas
  3 elephants
  2 vault sentinels (Vaults:2)
  A molten gargoyle (Lair:6)
  Joseph (D:7)
  8 cane toads
  A torpor snail (Spider:1)
  5 yaktaurs
  A swamp worm zombie (Swamp:4)
  4 demonic crawlers
  3 entropy weaver simulacra (IceCv)
  3 komodo dragons (Lair:6)
  A rime drake (Lair:1)
  A freezing wraith (Vaults:3)
  An anaconda simulacrum (IceCv)
  4 ice devils
  4 trolls
  5 tarantellas
  2 bloated husks (Swamp:4)
  3 blink frogs
  3 meliai
  10 tyrant leeches
  7 hornets
  A spectral swamp dragon (Swamp:4)
  An alligator zombie (Swamp:4)
  29 slime creatures
  3 dream sheep (Lair:5)
  9 jumping spiders
  5 water elementals
  A wraith (D:8)
  A vampire (D:12)
  3 air elementals
  8 culicivoras
  25 yaks
  6 basilisks
  6 fire bats (Volcano)
  5 wyverns
  A steam dragon (Lair:6)
  A fire elemental (Elf:3)
  5 humans (D:14)
  19 redbacks
  2 vampire mosquitoes (Swamp:1)
  3 swamp worms
  2 harpy simulacra (IceCv)
  3 hell hounds
  5 wargs
  An acid dragon (D:8)
  A swamp drake (Swamp:4)
  6 water moccasins
  23 orc warriors
  A black bear (Lair:5)
  2 swamp dragon zombies (Swamp:4)
  An ice beast (D:7)
  10 wolves
  6 centaurs
  4 ogres
  3 phantoms
  A kobold brigand (D:9)
  11 bullfrogs
  4 scorpions
  4 wights
  15 killer bees
  3 electric eels
  4 howler monkeys
  6 lava snakes (Volcano)
  11 orc priests
  2 jellies
  5 hounds
  Ijyb (D:3)
  2 iguanas
  9 orc wizards
  A spectral swamp drake (Swamp:4)
  A merfolk siren (Sewer)
  3 hound zombies (Ossuary)
  12 gnolls
  2 adders (D:6)
  A river rat (Sewer)
  A shadow imp (D:7)
  A white imp (D:5)
  An ufetubus (D:6)
  3 worms
  58 orcs
  A bat (D:2)
  An endoplasm (D:4)
  3 kobolds
  A ball python (D:4)
  2 gnoll zombies (Ossuary)
  A goblin (D:8)
  3 hobgoblin zombies (Ossuary)
  3 jackal zombies (Ossuary)
  2 kobold zombies (Ossuary)
  2 orc zombies (Ossuary)
  2 quokka zombies (Ossuary)
  A rat zombie (Ossuary)
701 creatures vanquished.

Vanquished Creatures (others)
  A juggernaut (Depths:2)
  A rockslime (Slime:5)
  A deep elf elementalist (Elf:3)
  3 yaktaur captains
  A steelbarb worm (Spider:4)
  2 deep elf archers
  3 yaktaurs
  3 bloated husks
  A phantom (Swamp:4)
  38 knights
  5 ancestors
  6 foxfires (Swamp:4)
  23 fungi
  55 plants
143 creatures vanquished.

Grand Total: 2180 creatures vanquished

Notes
Turn   | Place    | Note
-------+----------+-------------------------------------------
     0 | D:1      | diecastcamel the Gnoll Hedge Wizard began the quest for the
                  | Orb.
     0 | D:1      | Reached XP level 1. HP: 13/13 MP: 8/8
   314 | D:1      | Reached XP level 2. HP: 19/19 MP: 3/10
   317 | D:1      | Learned a level 2 spell: Call Imp
   320 | D:1      | Learned a level 2 spell: Blink
  1526 | D:2      | Reached XP level 3. HP: 25/25 MP: 8/11
  1530 | D:2      | Learned a level 3 spell: Conjure Flame
  1534 | D:2      | Learned a level 3 spell: Mephitic Cloud
  1821 | D:2      | Reached skill level 1 in Invocations
  1937 | D:2      | Noticed Terence
  2430 | D:2      | Reached skill level 1 in Fighting
  2430 | D:2      | Reached skill level 1 in Short Blades
  2430 | D:2      | Reached skill level 1 in Long Blades
  2430 | D:2      | Reached skill level 1 in Axes
  2430 | D:2      | Reached skill level 1 in Maces & Flails
  2430 | D:2      | Reached skill level 1 in Polearms
  2430 | D:2      | Reached skill level 1 in Staves
  2430 | D:2      | Reached skill level 1 in Ranged Weapons
  2430 | D:2      | Reached skill level 1 in Throwing
  2430 | D:2      | Reached skill level 1 in Armour
  2430 | D:2      | Reached skill level 1 in Shields
  2430 | D:2      | Reached skill level 1 in Unarmed Combat
  2430 | D:2      | Reached skill level 1 in Evocations
  2466 | D:2      | Found a runed translucent door.
  2467 | D:2      | Noticed Crazy Yiuf
  2510 | D:3      | Learned a level 3 spell: Stone Arrow
  2521 | D:3      | Found a faded altar of an unknown god.
  2593 | D:3      | Reached XP level 4. HP: 28/32 MP: 8/13
  2768 | D:3      | Found a hazy altar of Hepliaklqana.
  2778 | D:3      | Became a worshipper of Hepliaklqana the Forgotten
  2800 | D:3      | Found a radiant altar of Vehumet.
  2814 | D:3      | Found a broken altar of Ashenzari.
  2825 | D:3      | Noticed Ijyb
  2845 | D:3      | Killed Ijyb
  2846 | D:3      | Reached skill level 1 in Hexes
  2846 | D:3      | Reached skill level 1 in Necromancy
  2846 | D:3      | Reached skill level 1 in Transmutations
  2846 | D:3      | Reached skill level 1 in Fire Magic
  2846 | D:3      | Reached skill level 1 in Ice Magic
  2846 | D:3      | Reached skill level 1 in Air Magic
  2846 | D:3      | Reached skill level 1 in Earth Magic
  2846 | D:3      | Reached skill level 1 in Poison Magic
  3710 | D:4      | Reached XP level 5. HP: 29/37 MP: 11/14
  3712 | D:4      | Found Apneth's General Store.
  3759 | D:4      | Found a sand-covered staircase.
  3780 | Ossuary  | Entered an ossuary
  3882 | Ossuary  | Reached * piety under Hepliaklqana
  4120 | Ossuary  | Reached XP level 6. HP: 39/39 MP: 12/16
  4319 | Ossuary  | Reached skill level 5 in Dodging
  5239 | D:4      | Found an opulent altar of Gozag.
  5857 | D:5      | Entered Level 5 of the Dungeon
  5909 | D:5      | Reached XP level 7. HP: 45/45 MP: 1/18
  6119 | D:5      | Found a glowing drain.
  6131 | Sewer    | Entered a sewer
  6901 | D:5      | Reached skill level 5 in Stealth
  6962 | D:5      | Reached ** piety under Hepliaklqana
  7151 | D:4      | Remembered your ancestor Casper as a knight
  7361 | D:5      | Reached XP level 8. HP: 48/52 MP: 1/19
  7798 | D:5      | Found a glowing golden altar of the Shining One.
  7959 | D:5      | Found a staircase to the Ecumenical Temple.
  8105 | D:6      | Learned a level 3 spell: Ignite Poison
  8873 | D:7      | Upgraded the game from 0.29-a0-821-g66395355a5 to
                  | 0.29-a0-823-gc37b1572da
  8888 | D:7      | Found a blossoming altar of Fedhas.
  9012 | D:7      | Found a shimmering altar of Xom.
  9013 | D:7      | Reached *** piety under Hepliaklqana
  9146 | D:7      | Reached XP level 9. HP: 49/58 MP: 13/21
  9324 | D:7      | Identified the amulet "Emeil" {Acrobat Will+}
  9778 | D:7      | Noticed Joseph
  9793 | D:7      | Killed Joseph
  9794 | D:7      | Reached skill level 5 in Invocations
 10317 | D:8      | Noticed a hornet
 10352 | D:8      | Identified the amulet of Ygoi {Acrobat rC+++}
 10774 | D:8      | Found a runed translucent door.
 10963 | D:8      | Found a glowing silver altar of Zin.
 10963 | D:8      | Reached **** piety under Hepliaklqana
 10995 | D:8      | Identified a scroll of acquirement
 11233 | D:8      | Found an iron altar of Okawaru.
 11378 | D:8      | Reached skill level 5 in Fighting
 11378 | D:8      | Reached skill level 5 in Short Blades
 11378 | D:8      | Reached skill level 5 in Long Blades
 11378 | D:8      | Reached skill level 5 in Axes
 11378 | D:8      | Reached skill level 5 in Maces & Flails
 11378 | D:8      | Reached skill level 5 in Polearms
 11378 | D:8      | Reached skill level 5 in Staves
 11378 | D:8      | Reached skill level 5 in Ranged Weapons
 11378 | D:8      | Reached skill level 5 in Throwing
 11378 | D:8      | Reached skill level 5 in Armour
 11378 | D:8      | Reached skill level 5 in Shields
 11378 | D:8      | Reached skill level 5 in Unarmed Combat
 11378 | D:8      | Reached skill level 5 in Evocations
 11378 | D:8      | Reached XP level 10. HP: 64/66 MP: 16/22
 11956 | D:8      | Noticed gobodom's ghost (novice PaFi)
 12000 | D:8      | Acquired the +5 swamp dragon scales of the Forsaken Coins
                  | {rPois Str+4}
 12051 | D:9      | Reached skill level 5 in Conjurations
 12051 | D:9      | Reached skill level 5 in Summonings
 12051 | D:9      | Reached skill level 5 in Translocations
 12752 | D:9      | Identified the ring of Mufuk {Fire rElec Will+ Str-2}
 12889 | D:9      | Noticed a stone giant
 12894 | D:9      | Killed a stone giant
 12895 | D:9      | Reached skill level 5 in Hexes
 12895 | D:9      | Reached skill level 5 in Necromancy
 12895 | D:9      | Reached skill level 5 in Transmutations
 12895 | D:9      | Reached skill level 5 in Fire Magic
 12895 | D:9      | Reached skill level 5 in Ice Magic
 12895 | D:9      | Reached skill level 5 in Air Magic
 12895 | D:9      | Reached skill level 5 in Earth Magic
 12895 | D:9      | Reached skill level 5 in Poison Magic
 12895 | D:9      | Reached XP level 11. HP: 72/72 MP: 14/24
 13451 | D:10     | Entered Level 10 of the Dungeon
 13705 | D:10     | Found a staircase to the Lair.
 14220 | D:10     | Noticed a two-headed ogre
 14224 | D:10     | Killed a two-headed ogre
 14450 | D:10     | Learned a level 4 spell: Iskenderun's Mystic Blast
 14459 | D:10     | Noticed Nergalle
 14470 | D:10     | Killed Nergalle
 14471 | D:10     | Reached skill level 10 in Spellcasting
 14712 | D:10     | Found a shadowy altar of Dithmenos.
 14913 | D:10     | Noticed a two-headed ogre
 14946 | D:10     | Noticed a centaur warrior
 14954 | D:10     | Noticed a two-headed ogre
 14957 | D:10     | Killed a centaur warrior
 14960 | D:10     | Killed a two-headed ogre
 14961 | D:10     | Reached XP level 12. HP: 81/81 MP: 7/26
 14993 | D:10     | Killed a two-headed ogre
 15296 | D:10     | Found an ancient bone altar of Kikubaaqudgha.
 15525 | D:4      | Bought a condenser vane for 560 gold pieces
 15662 | Lair:1   | Entered Level 1 of the Lair of Beasts
 16492 | Lair:2   | Noticed a five-headed hydra
 16504 | Lair:2   | Killed a five-headed hydra
 16736 | Lair:2   | Noticed a seven-headed hydra
 16746 | Lair:2   | Killed a seven-headed hydra
 17732 | Lair:2   | Found a staircase to the Swamp.
 17984 | Lair:3   | Reached ***** piety under Hepliaklqana
 18144 | Lair:3   | Reached XP level 13. HP: 75/88 MP: 16/27
 18937 | Lair:3   | Found a hole to the Spider Nest.
 20123 | Lair:4   | Found a runed translucent door.
 20123 | Lair:4   | Found a shimmering altar of Xom.
 20123 | Lair:4   | Noticed Ithra's ghost (journeyman OgTm)
 20179 | Lair:4   | Found a dark tunnel.
 20187 | Volcano  | Entered a volcano
 20591 | Volcano  | Found a radiant altar of Vehumet.
 20618 | Volcano  | Identified the +3 pair of gloves of the Arena {*Corrode
                  | rPois Int+7 Stlth+}
 20824 | Lair:4   | Reached skill level 10 in Dodging
 21719 | Lair:5   | Reached skill level 10 in Stealth
 22165 | Lair:5   | Found a runed translucent gate.
 22166 | Lair:5   | Found a runed translucent gate.
 22168 | Lair:5   | Found a runed translucent gate.
 22168 | Lair:5   | Noticed an acid blob
 22168 | Lair:5   | Noticed an azure jelly
 22169 | Lair:5   | Noticed an acid blob
 22169 | Lair:5   | Noticed an acid blob
 22169 | Lair:5   | Noticed Devyomi's ghost (journeyman GrBe)
 22169 | Lair:5   | Noticed an acid blob
 22169 | Lair:5   | Noticed a rockslime
 22170 | Lair:5   | Noticed an azure jelly
 22206 | Lair:5   | Reached XP level 14. HP: 97/97 MP: 27/29
 22293 | Lair:5   | Noticed an acid blob
 22293 | Lair:5   | Noticed an azure jelly
 22296 | Lair:5   | Noticed an azure jelly
 22298 | Lair:5   | Found a viscous altar of Jiyva.
 22425 | Lair:5   | Reached skill level 10 in Invocations
 22783 | Lair:6   | Entered Level 6 of the Lair of Beasts
 23590 | Lair:6   | Learned a level 6 spell: Starburst
 23838 | Lair:6   | Identified the +0 leather armour of Howling Wind {rC+
                  | Slay+2 Stlth+}
 23902 | Lair:6   | Learned a level 4 spell: Summon Ice Beast
 24106 | Lair:6   | Found a viscous altar of Jiyva.
 24112 | Lair:6   | Found a staircase to the Slime Pits.
 24527 | Lair:6   | Found a large runed translucent door.
 24527 | Lair:6   | Found a large runed translucent door.
 25671 | D:11     | Found Etieth's Jewellery Shop.
 25737 | D:11     | Noticed Gastronok
 25833 | D:11     | Killed Gastronok
 26676 | D:12     | Found a frozen archway.
 26684 | D:12     | Reached skill level 10 in Fighting
 26684 | D:12     | Reached skill level 10 in Short Blades
 26684 | D:12     | Reached skill level 10 in Long Blades
 26684 | D:12     | Reached skill level 10 in Axes
 26684 | D:12     | Reached skill level 10 in Maces & Flails
 26684 | D:12     | Reached skill level 10 in Polearms
 26684 | D:12     | Reached skill level 10 in Staves
 26684 | D:12     | Reached skill level 10 in Ranged Weapons
 26684 | D:12     | Reached skill level 10 in Throwing
 26684 | D:12     | Reached skill level 10 in Armour
 26684 | D:12     | Reached skill level 10 in Shields
 26684 | D:12     | Reached skill level 10 in Unarmed Combat
 26684 | D:12     | Reached skill level 10 in Evocations
 26771 | IceCv    | Entered an ice cave
 27467 | IceCv    | Reached XP level 15. HP: 102/103 MP: 18/31
 27713 | IceCv    | Identified the +0 ring mail of Eternity {rC+ Str+3}
 28183 | D:12     | Found a staircase to the Orcish Mines.
 28455 | D:12     | Reached ****** piety under Hepliaklqana
 28593 | D:12     | Found a white marble altar of Elyvilon.
 28786 | Orc:1    | Entered Level 1 of the Orcish Mines
 29149 | Orc:2    | Entered Level 2 of the Orcish Mines
 30040 | Orc:2    | Noticed an orc warlord
 30068 | Orc:2    | Killed an orc warlord
 30268 | Orc:2    | Found Xajogaisch's Assorted Antiques.
 30466 | Orc:2    | Found a staircase to the Elven Halls.
 30917 | Orc:2    | Found Cana's Jewellery Emporium.
 31079 | Orc:2    | Found Pecu Cem's Jewellery Shoppe.
 31398 | Orc:2    | Found Jaf Vyv's Antique Armour Shoppe.
 32177 | Orc:2    | Learned a level 6 spell: Simulacrum
 33716 | D:14     | Identified the +8 chain mail of Typtuv {Int+2 Dex+2}
 33716 | D:14     | Noticed Frances
 34052 | D:14     | Found Gaoppang's General Store.
 34194 | D:14     | Reached XP level 16. HP: 111/111 MP: 1/32
 34373 | D:14     | Found a gate to the Vaults.
 34585 | D:14     | Killed Frances
 34771 | D:14     | Noticed Rupert
 35064 | Spider:1 | Entered Level 1 of the Spider Nest
 36017 | Spider:1 | Learned a level 5 spell: Lightning Bolt
 36611 | Spider:2 | You fall into a shaft and drop 1 floor!
 37126 | Spider:2 | Noticed Louise
 37134 | Spider:2 | Noticed Mlioglotl
 37379 | Spider:3 | Reached skill level 10 in Conjurations
 37379 | Spider:3 | Reached skill level 10 in Summonings
 37379 | Spider:3 | Reached skill level 10 in Translocations
 37725 | Spider:2 | Noticed Arachne
 38800 | Spider:2 | Killed Arachne
 38801 | Spider:2 | Reached XP level 17. HP: 54/119 MP: 15/34
 39219 | Spider:2 | Killed Mlioglotl
 39229 | Spider:2 | Killed Louise
 39828 | Lair:2   | Upgraded the game from 0.29-a0-823-gc37b1572da to
                  | 0.29-a0-824-gd827844252
 39829 | Swamp:1  | Entered Level 1 of the Swamp
 39838 | Swamp:1  | Reached skill level 10 in Hexes
 39838 | Swamp:1  | Reached skill level 10 in Necromancy
 39838 | Swamp:1  | Reached skill level 10 in Transmutations
 39838 | Swamp:1  | Reached skill level 10 in Fire Magic
 39838 | Swamp:1  | Reached skill level 10 in Ice Magic
 39838 | Swamp:1  | Reached skill level 10 in Air Magic
 39838 | Swamp:1  | Reached skill level 10 in Earth Magic
 39838 | Swamp:1  | Reached skill level 10 in Poison Magic
 40778 | Swamp:1  | Identified the +5 scale mail of Pech {Regen+ Str+4}
 43077 | Swamp:4  | Entered Level 4 of the Swamp
 43077 | Swamp:4  | Noticed Aizul
 43099 | Swamp:4  | Killed Aizul
 43491 | Swamp:4  | Noticed Roxanne
 43611 | Swamp:4  | Reached XP level 18. HP: 88/126 MP: 5/36
 44679 | Swamp:4  | Noticed a bone dragon
 44695 | Swamp:4  | Killed a bone dragon
 44846 | Swamp:4  | Got a decaying rune of Zot
 45288 | Spider:4 | Entered Level 4 of the Spider Nest
 45288 | Spider:4 | Noticed Donald
 45295 | Spider:4 | Killed Donald
 47916 | Spider:4 | Got a gossamer rune of Zot
 48147 | Spider:4 | Learned a level 7 spell: Ozocubu's Refrigeration
 48363 | D:14     | Killed Rupert
 48731 | D:15     | Entered Level 15 of the Dungeon
 48890 | D:15     | Upgraded the game from 0.29-a0-824-gd827844252 to
                  | 0.29-a0-830-gcb1280458a
 49287 | D:15     | Found a staircase to the Depths.
 50231 | Orc:2    | Bought polished swamp dragon scales for 1870 gold pieces
 50231 | Orc:2    | Identified the +5 swamp dragon scales "Lozaskeo" {rPois
                  | Int+8 Stlth+} (You bought it in a shop on level 2 of the
                  | Orcish Mines)
 50301 | Orc:2    | Bought a ring of wizardry for 390 gold pieces
 50523 | Vaults:1 | Entered Level 1 of the Vaults
 50938 | Vaults:1 | Reached XP level 19. HP: 134/134 MP: 30/37
 51179 | Vaults:1 | Found Lurhithuir's Weapon Shop.
 51197 | Vaults:1 | Found Tuorhiso's Assorted Antiques.
 51210 | Vaults:1 | Acquired 618 gold pieces
 51232 | Vaults:1 | Bought a +2 demon trident of venom for 570 gold pieces
 51650 | Vaults:1 | Reached skill level 15 in Spellcasting
 51880 | Vaults:1 | Found Zeiwuath's Book Boutique.
 52123 | Vaults:1 | Found a huge runed gate.
 52124 | Vaults:1 | Found a huge runed gate.
 52124 | Vaults:1 | Found a huge runed gate.
 52124 | Vaults:1 | Found a huge runed gate.
 52125 | Vaults:1 | Found a huge runed gate.
 52125 | Vaults:1 | Found a huge runed gate.
 52125 | Vaults:1 | Found a huge runed gate.
 52125 | Vaults:1 | Found a huge runed gate.
 52126 | Vaults:1 | Found a huge runed gate.
 52133 | Vaults:1 | Found a huge runed gate.
 52133 | Vaults:1 | Found a huge runed gate.
 52133 | Vaults:1 | Found a huge runed gate.
 52133 | Vaults:1 | Found a huge runed gate.
 52133 | Vaults:1 | Found a huge runed gate.
 52133 | Vaults:1 | Found a huge runed gate.
 52133 | Vaults:1 | Found a huge runed gate.
 52153 | Vaults:1 | Found a huge runed gate.
 52154 | Vaults:1 | Found a huge runed gate.
 52162 | Vaults:1 | Found a huge runed gate.
 52162 | Vaults:1 | Found a huge runed gate.
 52162 | Vaults:1 | Found a huge runed gate.
 52162 | Vaults:1 | Found a huge runed gate.
 52162 | Vaults:1 | Found a huge runed gate.
 52162 | Vaults:1 | Found a huge runed gate.
 52163 | Vaults:1 | Found a huge runed gate.
 52674 | Vaults:1 | Found Logga Dyac's General Store.
 52707 | Vaults:1 | Found a huge runed gate.
 52715 | Vaults:1 | Found a huge runed gate.
 52715 | Vaults:1 | Found a huge runed gate.
 52715 | Vaults:1 | Found a huge runed gate.
 52715 | Vaults:1 | Found a huge runed gate.
 52715 | Vaults:1 | Found a huge runed gate.
 52715 | Vaults:1 | Found a huge runed gate.
 52716 | Vaults:1 | Found a huge runed gate.
 52717 | Vaults:1 | Found a huge runed gate.
 52718 | Vaults:1 | Found a huge runed gate.
 52726 | Vaults:1 | Found a huge runed gate.
 52837 | Vaults:2 | Found a portal to a secret trove of treasure.
 52890 | Vaults:2 | Found Waepn's General Store.
 52980 | Vaults:2 | Found a flickering gateway to a bazaar.
 52992 | Bazaar   | Entered a bazaar
 53112 | Bazaar   | Found Foniasei's General Store.
 53128 | Bazaar   | Found Fudoav's General Store.
 53144 | Bazaar   | Found Jupp's Assorted Antiques.
 54120 | Vaults:2 | Acquired the +6 kite shield of Qazlal's Approval {rElec
                  | Will+}
 54731 | Elf:1    | Entered Level 1 of the Elven Halls
 55126 | Elf:1    | Found Riteleku's CLEARANCE SALE!.
 55140 | Elf:1    | Bought a scroll of poison for 16 gold pieces
 55223 | Elf:1    | Reached skill level 15 in Invocations
 55387 | Elf:1    | Found Ucumuan's Jewellery Shoppe.
 55918 | Elf:1    | Reached XP level 20. HP: 142/142 MP: 30/39
 56284 | Elf:2    | Paralysed by an air elemental for 1 turns
 56666 | Elf:2    | Found a runed translucent gate.
 56666 | Elf:2    | Found a runed translucent gate.
 56666 | Elf:2    | Found a runed translucent gate.
 57390 | Elf:3    | Entered Level 3 of the Elven Halls
 57440 | Elf:3    | Noticed a Brimstone Fiend
 58170 | Elf:3    | Paralysed by an air elemental for 1 turns
 59338 | Elf:3    | Identified the +3 leather armour "Jalejim" {rF+}
 59366 | Elf:3    | Paralysed by an air elemental for 1 turns
 59671 | Elf:3    | Identified the +0 leather armour of Zeng {rN+ Int+7}
 59690 | Elf:3    | Reached skill level 15 in Dodging
 60150 | Elf:3    | Upgraded the game from 0.29-a0-830-gcb1280458a to
                  | 0.29-a0-834-g1e95ca9f62
 60197 | Elf:3    | Identified the +0 leather armour "Igiukk" {Int+7}
 60209 | Elf:3    | Identified the +3 scale mail of Philately {rC+ Str+4 Dex-2}
 60391 | Elf:3    | Got the Spellbook of Convocation and Attacks
 60973 | Elf:3    | Reached skill level 15 in Stealth
 61280 | Elf:3    | Found a radiant altar of Vehumet.
 62029 | Vaults:1 | Bought a book of Iron for 540 gold pieces
 62036 | Vaults:1 | Learned a level 6 spell: Iron Shot
 62037 | Vaults:1 | Bought a book of Dangerous Friends for 600 gold pieces
 62041 | Vaults:1 | Learned a level 3 spell: Dazzling Flash
 62049 | Vaults:1 | Learned a level 7 spell: Orb of Destruction
 62820 | Vaults:2 | Reached XP level 21. HP: 149/149 MP: 33/41
 63007 | Vaults:2 | Upgraded the game from 0.29-a0-834-g1e95ca9f62 to
                  | 0.29-a0-838-g385bb11a5b
 64165 | Vaults:3 | You fall into a shaft and drop 1 floor!
 64357 | Vaults:4 | Noticed Saint Roka
 65764 | Vaults:3 | Reached skill level 15 in Fighting
 65764 | Vaults:3 | Reached skill level 15 in Short Blades
 65764 | Vaults:3 | Reached skill level 15 in Long Blades
 65764 | Vaults:3 | Reached skill level 15 in Axes
 65764 | Vaults:3 | Reached skill level 15 in Maces & Flails
 65764 | Vaults:3 | Reached skill level 15 in Polearms
 65764 | Vaults:3 | Reached skill level 15 in Staves
 65764 | Vaults:3 | Reached skill level 15 in Ranged Weapons
 65764 | Vaults:3 | Reached skill level 15 in Throwing
 65764 | Vaults:3 | Reached skill level 15 in Armour
 65764 | Vaults:3 | Reached skill level 15 in Shields
 65764 | Vaults:3 | Reached skill level 15 in Unarmed Combat
 65764 | Vaults:3 | Reached skill level 15 in Evocations
 66014 | Vaults:3 | Found a staircase to the Crypt.
 66333 | Vaults:3 | Noticed Xtahua
 66438 | Vaults:3 | Upgraded the game from 0.29-a0-838-g385bb11a5b to
                  | 0.29-a0-841-g116ddc6ace
 66660 | Vaults:3 | Killed Xtahua
 68181 | Depths:1 | Entered Level 1 of the Depths
 68373 | Depths:1 | Noticed Nikola
 68474 | Depths:1 | Reached XP level 22. HP: 154/157 MP: 24/42
 68617 | Depths:1 | Found a gateway to Hell.
 68846 | Depths:1 | Killed Nikola
 69451 | Depths:1 | Found a bloodstained altar of Trog.
 69452 | Depths:1 | Noticed Asterion
 69460 | Depths:1 | Killed Asterion
 69692 | Depths:1 | Found a one-way gate leading to the halls of Pandemonium.
 69737 | Depths:1 | Learned a level 7 spell: Spellforged Servitor
 70839 | Depths:2 | Noticed a juggernaut
 70844 | Depths:2 | Killed a juggernaut
 70968 | Depths:2 | Upgraded the game from 0.29-a0-841-g116ddc6ace to
                  | 0.29-a0-845-g6161e89988
 71212 | Depths:2 | Found Luopt's Jewellery Shoppe.
 71213 | Depths:2 | Found Uqoiqe's Book Shop.
 71214 | Depths:2 | Found Quobomasm's Jewellery Shoppe.
 71473 | Depths:2 | Noticed a golden dragon
 71481 | Depths:2 | Killed a golden dragon
 71514 | Depths:2 | Got the Handbook of the Tainted Grave
 71515 | Depths:2 | Identified the amulet "Idiloig" {RegenMP Int+2}
 72381 | Depths:3 | Got the Vellum of Concussion
 72534 | Depths:3 | Noticed a golden dragon
 72554 | Depths:3 | Killed a golden dragon
 72814 | Depths:3 | Reached XP level 23. HP: 156/164 MP: 29/44
 73220 | Depths:3 | Identified the +8 quarterstaff "Geamuaniw" {pain, rElec
                  | Int+2 Stlth+}
 73324 | Depths:3 | Found a one-way gate to the infinite horrors of the Abyss.
 73614 | Depths:3 | Found the +10 zealot's sword {holy, *Rage rN+ EV+3}
 74159 | Depths:4 | Entered Level 4 of the Depths
 74159 | Depths:4 | Noticed Parghit
 74159 | Depths:4 | Found a one-way gateway to a ziggurat.
 74414 | Depths:4 | Noticed Sojobo
 74422 | Depths:4 | Paralysed by an air elemental for 1 turns
 74442 | Depths:4 | Paralysed by an air elemental for 1 turns
 74450 | Depths:4 | Paralysed by an air elemental for 1 turns
 74459 | Depths:4 | Paralysed by an air elemental for 1 turns
 74467 | Depths:4 | Killed Sojobo
 74623 | Depths:4 | Noticed a juggernaut
 74629 | Depths:4 | Killed a juggernaut
 74773 | Depths:4 | Noticed a caustic shrike
 74774 | Depths:4 | Noticed a caustic shrike
 74774 | Depths:4 | Noticed a caustic shrike
 74781 | Depths:4 | Killed a caustic shrike
 74781 | Depths:4 | Killed a caustic shrike
 74789 | Depths:4 | Killed a caustic shrike
 74991 | Depths:4 | Found a gate to the Realm of Zot.
 75647 | Depths:4 | Found a shimmering altar of Xom.
 76567 | Slime:1  | Entered Level 1 of the Pits of Slime
 77040 | Slime:3  | Gained mutation: Your body sometimes deteriorates upon
                  | taking damage. [a shining eye]
 77435 | Slime:5  | Entered Level 5 of the Pits of Slime
 77795 | Slime:5  | Reached XP level 24. HP: 148/173 MP: 5/44
 78452 | Slime:5  | Noticed the Royal Jelly
 78457 | Slime:5  | Killed the Royal Jelly
 78728 | Slime:5  | Identified the +8 executioner's axe of the Sky {elec, rElec
                  | rN++ MP+9 Int-5 Dex+3}
 78730 | Slime:5  | Got a slimy rune of Zot
 78765 | Slime:5  | Identified the amulet of Tension {Faith Rampage rPois Dex+5
                  | Stlth-}
 78785 | Slime:5  | Identified the ring "Baten" {rC- rCorr AC+4 Int+2 Dex+8}
 79150 | Slime:1  | You fall into a shaft and drop 1 floor!
 79865 | Vaults:5 | Entered Level 5 of the Vaults
 80069 | Vaults:5 | Gained mutation: You are clumsy. (Dex -2) [a shining eye]
 80997 | Vaults:5 | Noticed an ancient lich
 81093 | Vaults:4 | Killed from afar by an ancient lich

Illustrated notes

Levels and vault maps discovered:
D:1:      erik_arrival_triangle_small, layout_basic, serial_forest,
          infiniplex_forest_clump_curved, infiniplex_forest_clump_long,
          infiniplex_forest_clump_long, infiniplex_forest_end_double,
          infiniplex_forest_end_double, infiniplex_forest_lined_room_3,
          infiniplex_forest_clump_diagonal, minmay_tromino_v7
D:2:      layout_rooms, uniq_crazy_yiuf_cottage, uniq_terence
D:3:      layout_basic, mainiacjoe_overflow_tiny_flanked,
          mainiacjoe_overflow_big_doors, hellmonk_ecumenical_altar_slurped_away,
          uniq_ijyb
D:4:      layout_loops_ring, overflow_temple_1_default, enter_ossuary_1,
          serial_rivers, chequers_serial_rivers_small_a,
          chequers_serial_rivers_micro_a, chequers_serial_rivers_large_a,
          chequers_serial_rivers_room_b, chequers_serial_rivers_micro_a,
          serial_shops, shop, serial_bayou_pond_c, minmay_crystal_room,
          kennysheep_generic_room_5
D:5:      layout_cave_pods, old_standard_altar,
          minmay_temple_entry_enclosed_plants, gup_sewer_entry_bubbles,
          minmay_misc_feat_secret_circle
D:6:      layout_cave_pools
D:7:      layout_cave_pods, mainiacjoe_overflow_cross_hatched,
          fedhas_ov_isle_minmay, uniq_joseph
D:8:      layout_layer_cave, zin_scriptorium, okawaru_altar_gauntlet_db,
          ebering_ghost_reflecting_pool
D:9:      layout_basic
D:10:     layout_basic, kennysheep_little_box, grunt_dithmenos_shadows,
          erik_lair_island, minmay_checkerbox, uniq_nergalle
D:11:     layout_cross, serial_shops, nicolae_shop_behind_doors, uniq_gastronok
D:12:     minmay_connected_triangles_in_corner, layout_gridville,
          david_orc_1_choice, portal_ice_cave_demonic_guard,
          nicolae_elyvilon_peaceful_grove
D:13:     layout_basic, gauntlet_entry_generic, nicolae_underground_beach
D:14:     layout_basic, david_vaults_3, serial_shops, shop, uniq_frances
D:15:     grunt_enter_depths_snipers, layout_basic
Lair:1:   layout_misc_corridors
Lair:2:   layout_concentric_octagons, palyth_hydra_swamp_entry
Lair:3:   layout_gridlike, nicolae_spider_entry_non_spiders, special_room
          [special_room_bee], hibernation_bobbens, infiniplex_staircase_pool
Lair:4:   layout_cave_pods, ebering_ghost_xom, nicolae_volcano_entry_hallway,
          bh_autumn_forest_stairs, lemuel_fruit_tree
Lair:5:   layout_cave_pods, gammafunk_ghost_ooze
Lair:6:   cheibrodos_lair_end_hotspot, layout_regular_city,
          dpeg_slime_entry_enclosed
Swamp:1:  layout_basic_swamp, nicolae_swamp_well_well_well
Swamp:2:  layout_falls_marsh, evilmike_swamp_ruin_rubble_1, swamp_pool4
Swamp:3:  layout_basic_swamp, infiniplex_staircase_pool_2, swamp_pool1
Swamp:4:  swamp_pestilence, layout_basic_swamp, uniq_aizul, uniq_roxanne
Spider:1: layout_spider_delve
Spider:2: layout_spider_delve, uniq_louise, uniq_mlioglotl, uniq_arachne
Spider:3: layout_spider_delve
Spider:4: spider_rune_water, uniq_donald
Slime:1:  layout_caves
Slime:2:  cheibrodos_slime_lost_civilization_8, layout_caves
Slime:3:  layout_caves
Slime:4:  layout_caves
Slime:5
Orc:1:    layout_diamond_mine
Orc:2:    pubby_orc_utopia
Elf:1:    eino_elf_arrival_sip, layout_gridlike, serial_shops, shop_fountains,
          minmay_elf_crystal_hexagon, nicolae_shop_clearance
Elf:2:    nicolae_elf_blades_splatter_lattice [nicolae_blade_entry_antechamber],
          layout_geoelf_octagon, nicolae_elf_big_sculpture_3,
          lemuel_upstairs_altar
Elf:3:    minmay_elf_hall_x, layout_gridlike, basic_altar,
          dilly_guarded_unrand_elemental_staff
Vaults:1: not_door_vault_mu, nicolae_vaults_network_quincunx
          [nicolae_vaults_network_quincunx_subvault,
          nicolae_vaults_network_quincunx_subvault,
          nicolae_vaults_network_quincunx_subvault,
          nicolae_vaults_network_quincunx_subvault,
          nicolae_vaults_network_quincunx_subvault],
          nicolae_vaults_windows_and_doors_thing, v_misc_15,
          nicolae_vaults_specimen_jars, st_lines, ontoclasm_vaults_pinch,
          ontoclasm_vaults_spin, v_misc_15, vaults_dpeg_hooks,
          layout_vaults_omnicross, serial_shops, shop, shop, shop,
          nicolae_shop_crystal
Vaults:2: vaults_room_stairs_pillars, dpeg_vaults_monster_row,
          nicolae_vaults_little_squares_1, vaults_room_fours,
          nicolae_vaults_little_squares_2, st_cells, vaults_room_fours,
          v_pattern_1, layout_vaults_omnigrid, serial_shops, bzr_firewalk, shop,
          nicolae_trove_entry_path_of_doom
Vaults:3: nicolae_vaults_yaktaur_gun_rack, nicolae_vaults_border_crossing,
          ontoclasm_vaults_hangar, nicolae_vaults_stairing_the_circle,
          grunt_vaults_focal, minmay_crypt_entry_simple_walls, v_misc_4,
          grunt_vaults_hallway_short, layout_vaults_chaotic_city, uniq_xtahua
Vaults:4: vaults_room_boxed, nicolae_vaults_puzzle_piece,
          ontoclasm_vaults_ring_small, v_misc_28, vaults_standard_mumra_x,
          nicolae_vaults_little_squares_5, v_misc_17, v_misc_29,
          nicolae_vaults_little_squares_1, nicolae_vaults_bisected_slash,
          vaults_room_pool, layout_vaults_ring, uniq_saint_roka
Vaults:5: uniq_mennas
Depths:1: layout_gridlike, hell_entry, pan_entry, bloody_trog, hex_large,
          serial_bayou_lake_a, uniq_asterion, uniq_nikola
Depths:2: kennysheep_bubble_arena, layout_gridlike, rand_demon_pan_entry_9,
          hell_entry, infiniplex_staircase_pillars_2, minmay_shop_grove
Depths:3: minmay_swirls_squares, layout_gridlike, abyss_entry,
          minmay_misc_feat_tower, hell_entry, kennysheep_nondescript,
          infiniplex_staircase_zigzag_5
Depths:4: grunt_zot_entry_funnels, layout_gridlike, enter_ziggurat_a,
          lightli_too_deep, hex_intersection, xom_teletrap_fun, uniq_parghit,
          uniq_sojobo

Skill      XL: |  1  2  3  4  5  6  7  8  9 10 11 12 13 14 15 16 17 18 19 20 21 22 23 24 |
---------------+-------------------------------------------------------------------------+-----
Conjurations   | 2 3 4 5 6 7 8 9 10 11 12 13 14 | 14.7
Summonings     | 2 3 4 5 6 7 8 9 10 11 12 13 14 | 14.7
Translocations | 2 3 4 5 6 7 8 9 10 11 12 13 14 | 14.7
Invocations    | 1 2 3 4 5 6 7 8 9 10 11 12 13 14 15 16 17 18 | 18.5
Fighting       | 1 2 3 5 6 7 8 9 10 11 12 13 14 15 16 17 | 17.1
Short Blades   | 1 2 3 5 6 7 8 9 10 11 12 13 14 15 16 17 | 17.1
Long Blades    | 1 2 3 5 6 7 8 9 10 11 12 13 14 15 16 17 | 17.1
Axes           | 1 2 3 5 6 7 8 9 10 11 12 13 14 15 16 17 | 17.1
Maces & Flails | 1 2 3 5 6 7 8 9 10 11 12 13 14 15 16 17 | 17.1
Polearms       | 1 2 3 5 6 7 8 9 10 11 12 13 14 15 16 17 | 17.1
Staves         | 1 2 3 5 6 7 8 9 10 11 12 13 14 15 16 17 | 17.1
Ranged Weapons | 1 2 3 5 6 7 8 9 10 11 12 13 14 15 16 17 | 17.1
Throwing       | 1 2 3 5 6 7 8 9 10 11 12 13 14 15 16 17 | 17.1
Armour         | 1 2 3 5 6 7 8 9 10 11 12 13 14 15 16 17 | 17.1
Shields        | 1 2 3 5 6 7 8 9 10 11 12 13 14 15 16 17 | 17.1
Unarmed Combat | 1 2 3 5 6 7 8 9 10 11 12 13 14 15 16 17 | 17.1
Evocations     | 1 2 3 5 6 7 8 9 10 11 12 13 14 15 16 17 | 17.1
Hexes          | 1 2 3 4 5 6 7 8 9 10 11 12 13 14 | 14.5
Necromancy     | 1 2 3 4 5 6 7 8 9 10 11 12 13 14 | 14.5
Transmutations | 1 2 3 4 5 6 7 8 9 10 11 12 13 14 | 14.5
Fire Magic     | 1 2 3 4 5 6 7 8 9 10 11 12 13 14 | 14.5
Ice Magic      | 1 2 3 4 5 6 7 8 9 10 11 12 13 14 | 14.5
Air Magic      | 1 2 3 4 5 6 7 8 9 10 11 12 13 14 | 14.5
Earth Magic    | 1 2 3 4 5 6 7 8 9 10 11 12 13 14 | 14.5
Poison Magic   | 1 2 3 4 5 6 7 8 9 10 11 12 13 14 | 14.5
Dodging        | 5 6 7 8 9 10 11 12 13 14 15 16 17 | 17.6
Stealth        | 5 6 7 8 9 10 11 12 13 14 15 16 17 | 17.5
Spellcasting   | 8 9 10 11 12 13 14 15 16 17 18 | 18.3

Action                   |  1- 3 |  4- 6 |  7- 9 | 10-12 | 13-15 | 16-18 | 19-21 | 22-24 || total
-------------------------+-------+-------+-------+-------+-------+-------+-------+-------++-------
Melee: Dagger            |    28 |       |       |       |       |       |       |       ||    28
       Bite              |     1 |     3 |     3 |     9 |    50 |    79 |    35 |    67 ||   247
       Short sword       |       |    35 |       |       |       |       |       |       ||    35
       Whip              |       |       |    16 |       |       |       |       |       ||    16
       Punch             |       |       |     1 |       |       |       |       |       ||     1
       Spear             |       |       |    32 |   322 |   111 |       |       |       ||   465
       Demon blade       |       |       |       |       |    97 |   543 |   146 |       ||   786
       Trident           |       |       |       |       |   467 |       |       |       ||   467
       Demon trident     |       |       |       |       |       |       |    18 |     6 ||    24
       Staff             |       |       |       |       |       |       |    87 |   375 ||   462
Throw: Stone             |     2 |       |       |       |       |       |       |       ||     2
       Dart              |       |     3 |       |       |       |       |       |       ||     3
 Cast: Magic Dart        |   103 |   137 |   116 |    51 |   243 |    29 |    17 |       ||   696
       Call Imp          |     7 |    16 |    29 |    16 |     1 |       |       |       ||    69
       Conjure Flame     |     1 |       |       |     5 |     2 |       |       |       ||     8
       Stone Arrow       |       |     1 |    44 |    77 |   233 |   326 |   200 |     1 ||   882
       Mephitic Cloud    |       |     1 |     7 |    17 |    46 |    22 |    51 |     7 ||   151
       Ignite Poison     |       |       |     4 |    14 |    41 |    21 |    49 |     6 ||   135
       Iskenderun's Myst |       |       |       |     7 |    31 |    47 |     5 |     3 ||    93
       Blink             |       |       |       |     1 |     1 |     2 |     1 |       ||     5
       Summon Ice Beast  |       |       |       |       |    11 |     4 |     3 |       ||    18
       Starburst         |       |       |       |       |     2 |    22 |       |       ||    24
       Simulacrum        |       |       |       |       |     2 |       |       |       ||     2
       Lightning Bolt    |       |       |       |       |       |    67 |    45 |    40 ||   152
       Ozocubu's Refrige |       |       |       |       |       |     3 |    65 |   140 ||   208
       Iron Shot         |       |       |       |       |       |       |    90 |    81 ||   171
       Orb of Destructio |       |       |       |       |       |       |    23 |    13 ||    36
       Spellforged Servi |       |       |       |       |       |       |       |    12 ||    12
Invok: Ancestor Identity |       |     1 |       |       |       |       |       |       ||     1
       Recall Ancestor   |       |     1 |       |       |     6 |     9 |     5 |     7 ||    28
       Ancestor Life: Kn |       |       |     1 |       |       |       |       |       ||     1
Evoke: Condenser vane    |       |       |       |       |     2 |     2 |     1 |     6 ||    11
       Tin of tremorston |       |       |       |       |     2 |       |     1 |     5 ||     8
       Wand              |       |       |       |       |       |     5 |       |     4 ||     9
       Phial of floods   |       |       |       |       |       |     1 |     1 |       ||     2
  Use: Scroll            |     5 |     6 |     8 |     2 |    20 |    11 |    11 |     4 ||    67
       Potion            |       |       |     1 |       |     4 |     3 |     1 |       ||     9
 Stab: Sleeping          |     2 |     1 |       |       |    10 |       |     1 |     2 ||    16
       Distracted        |       |       |     1 |     8 |     8 |    16 |     7 |    11 ||    51
       Confused          |       |       |       |     1 |     6 |     2 |     1 |       ||    10
Armor: Robe              |    11 |    16 |     9 |       |       |       |       |       ||    36
       Steam dragon scal |       |       |     1 |       |       |       |       |       ||     1
       Swamp dragon scal |       |       |       |    51 |   190 |   281 |    68 |   237 ||   827
Dodge: Dodged            |    24 |    34 |    44 |    82 |   287 |   346 |   111 |   239 ||  1167
Block: Kite shield       |       |       |     5 |    65 |   299 |   331 |   144 |   321 ||  1165
       Reflection        |       |       |       |       |       |     1 |     8 |       ||     9

Table legend: (Time is in decaauts)
 A = Elapsed time spent in this place.
 B = Non-inter-level travel time spent in this place.
 C = Inter-level travel time spent in this place.
 D = Time resting spent in this place.
 E = Time spent auto-exploring this place.
 F = Levels seen in this place.
 G = Mean time per level.
                   A        B        C        D        E       F      G
               +--------+--------+--------+--------+--------+-----+--------+
         Total |  81288 |  74905 |   6383 |  28889 |  30068 |  53 | 1533.7 |
       Dungeon |  22042 |  19818 |   2224 |   5583 |   9989 |  15 | 1469.5 |
          Lair |   9825 |   8886 |    939 |   3107 |   4065 |   6 | 1637.5 |
         Swamp |   5553 |   5216 |    337 |   2438 |   1514 |   4 | 1388.2 |
   Spider Nest |   7435 |   6876 |    559 |   3704 |   1584 |   4 | 1858.8 |
    Slime Pits |   2927 |   2703 |    224 |   1771 |    176 |   5 |  585.4 |
  Orcish Mines |   3811 |   3205 |    606 |    884 |   1428 |   2 | 1905.5 |
   Elven Halls |   7048 |   6742 |    306 |   3053 |   2614 |   3 | 2349.3 |
        Vaults |  11156 |  10336 |    820 |   4918 |   3425 |   5 | 2231.2 |
        Depths |   8069 |   7704 |    365 |   2289 |   4254 |   4 | 2017.2 |
        Bazaar |    181 |    181 |      0 |      0 |    175 |   1 |  181.0 |
         Sewer |    776 |    776 |      0 |    132 |    447 |   1 |  776.0 |
       Ossuary |    708 |    708 |      0 |    102 |    276 |   1 |  708.0 |
      Ice Cave |   1292 |   1292 |      0 |    769 |     47 |   1 | 1292.0 |
       Volcano |    459 |    459 |      0 |    137 |     72 |   1 |  459.0 |
               +--------+--------+--------+--------+--------+-----+--------+

Top non-repeatable levels by time:
   Elf:2: 3209 daAuts
   Orc:2: 3204 daAuts
Vaults:2: 3122 daAuts
Spider:3: 2968 daAuts
Vaults:3: 2727 daAuts
Vaults:1: 2654 daAuts
Vaults:4: 2551 daAuts
   Elf:3: 2509 daAuts
  Lair:6: 2424 daAuts
  Lair:3: 2388 daAuts
Spider:4: 2350 daAuts
Depths:3: 2272 daAuts
    D:10: 2188 daAuts
Depths:4: 2043 daAuts
    D:14: 1988 daAuts
